 Dungeon Sprint DCSS version 0.27-a0-1378-gdefffd1ff6 (webtiles) character file.

Game seed: 18322940244447771060

705 mhtbhm the Geomancer (level 7, -4/40 HPs)
             Began as a Gargoyle Earth Elementalist on June 29, 2021.
             Was a Believer of Vehumet.
             Slain by a boulder beetle (21 damage)
             ... in the Dungeon (Sprint IX: "|||||||||||||||||||||||||||||").
             The game lasted 00:02:11 (838 turns).

mhtbhm the Geomancer (Gargoyle Earth Elementalist)   Turns: 838, Time: 00:02:11

Health: -4/40      AC:  9    Str: 11    XL:     7   Next: 67%
Magic:  9/19       EV: 13    Int: 21    God:    Vehumet [**....]
Gold:   0          SH:  0    Dex: 10    Spells: 9/24 levels left

rFire    . . .     SeeInvis .   a - +2 morningstar (protect)
rCold    . . .     Faith    .   (no shield)
rNeg     + . .     Spirit   .   b - +0 robe
rPois    ∞         Reflect  .   m - +0 helmet
rElec    +         Harm     .   (no cloak)
rCorr    .         Rampage  .   (no gloves)
Will     .....     NoTele   +   (no boots)
Stlth    +++.......             (no amulet)
HPRegen  0.13/turn              n - +2 ring of protection
MPRegen  0.16/turn              o - +3 ring of intelligence

@: no status effects
A: sickness immunity, AC +4, negative energy resistance 1, electricity
resistance, torment resistance 1, petrification resistance
a: Renounce Religion


You were in the Dungeon.
You worshipped Vehumet.
Vehumet was pleased with you.
You visited 1 branch

Inventory:

Hand Weapons
 a - a +2 morningstar of protection (weapon)
Missiles
 i - 13 stones
Armour
 b - a +0 robe (worn)
 m - a +0 helmet (worn)
Jewellery
 n - a +2 ring of protection (left hand)
 o - a +3 ring of intelligence (right hand)
Wands
 l - a wand of acid (7)
Scrolls
 h - 2 scrolls of blinking
 k - 2 scrolls of amnesia
Potions
 c - 5 potions of curing
 d - 2 potions of heal wounds
 f - 4 potions of magic
 g - a potion of berserk rage
 j - a potion of invisibility


   Skills:
 + Level 2.1 Fighting
 + Level 2.2 Maces & Flails
 + Level 4.4 Dodging
 + Level 6.1 Stealth
 + Level 9.0 Spellcasting
 + Level 1.5 Conjurations
 + Level 1.8 Transmutations
 + Level 12.2 Earth Magic
 + Level 1.8 Evocations


You had 9 spell levels left.
You knew the following spells:

 Your Spells              Type           Power      Damage    Failure   Level
a - Sandblast             Erth           100%       2d20      1%          1
b - Passwall              Tmut/Erth      31%        N/A       1%          2
c - Stone Arrow           Conj/Erth      76%        3d11      1%          3
d - Lee's Rapid Deconstr  Erth           28%        3d16*     1%          5
e - Petrify               Tmut/Erth      38%        N/A       4%          4

Your spell library contained the following spells:

 Spells                   Type           Power      Damage    Failure   Level
 Poisonous Vapours        Pois/Air       18%        N/A       11%         2


Dungeon Overview and Level Annotations

Branches:
Dungeon (1/1)

Altars:
Cheibriados
Dithmenos
Elyvilon
Fedhas
Gozag
Hepliaklqana
Kikubaaqudgha
Makhleb
Nemelex Xobeh
Okawaru
Qazlal
Ru
Sif Muna
Trog
Uskayaw
Vehumet
Wu Jian
Xom
Yredelemnul
Zin
The Shining One
Beogh
Jiyva
Lugonu


Innate Abilities, Weirdness & Mutations

You are immune to sickness and miasma.
Your stone body is resilient. (AC +4)
You are immune to poison.
You resist negative energy. (rN+)
You are resistant to electric shocks. (rElec)
You are resistant to unholy torment.
You are immune to petrification.


Message History

You start resting.
Magic restored.
You see here a +0 plate armour.
There is an open door to the Dungeon here.
You open the door.
A floating eye, a boulder beetle, an orc wizard, a centaur warrior, a cyclops and a tengu warrior come into view.
The tengu warrior is wielding a +0 war axe and wearing a +2 kite shield of reflection.
The boulder beetle leaps!
Unknown command.
Unknown command.
Unknown command.
Casting: Stone Arrow (safe; 1% risk of failure)
Confirm with . or Enter, or press ? or * to list all spells.
Aiming: Lee's Rapid Deconstruction (dangerous; 1% risk of failure)
Press: ? - help, Dir - move target An open door.
The stone door frame shatters!
The blast of rock fragments hits the cyclops!
The cyclops is moderately wounded.
The cyclops shouts!
The blast of rock fragments hits the boulder beetle but does no damage.
The tengu warrior shouts!
The boulder beetle bites you!!
Ouch! That really hurt!
Unknown command.
Unknown command.
Casting: Lee's Rapid Deconstruction (dangerous; 1% risk of failure)
Confirm with . or Enter, or press ? or * to list all spells.
Aiming: Lee's Rapid Deconstruction (dangerous; 1% risk of failure)
Press: ? - help, Dir - move target, f - cyclops Fragment what (e.g. wall or brittle monster)?: a cyclops, quivering large rocks (moderately wounded)
An open door.
The stone door frame shatters!
The blast of rock fragments hits the cyclops!!
The cyclops is almost dead.
The blast of rock fragments hits the boulder beetle but does no damage.
The orc wizard shouts!
The boulder beetle bites you!!
Ouch! That really hurt!
You die... ▓▓▓▓▓▓▓▓▓▓▓▓▓▓▓▓▓▓▓▓▓▓▓▓▓ .GoQ.cCB@....'..[[..).)'_ ▓▓▓▓▓▓▓▓▓▓▓▓▓▓▓▓▓▓▓▓▓▓▓▓▓

You could see a boulder beetle, a tengu warrior, a centaur warrior, a cyclops, a floating eye and an orc wizard.

Vanquished Creatures
  A troll (D)
  A yak (D)
  A vampire mosquito (D)
  An orc warrior (D)
  A centaur (D)
  An orc priest (D)
  An adder (D)
  An adder zombie (D)
  2 orcs (D)
  2 hobgoblins (D)
  A ball python skeleton (D)
  A frilled lizard (D)
  A goblin (D)
  A kobold (D)
16 creatures vanquished.

Notes
Turn   | Place    | Note
-------+----------+-------------------------------------------
     0 | D        | mhtbhm the Gargoyle Earth Elementalist began the quest for
                  | the Orb.
     0 | D        | Reached XP level 1. HP: 10/10 MP: 3/3
     5 | D        | Reached skill level 4 in Earth Magic
   117 | D        | Reached XP level 2. HP: 15/15 MP: 2/5
   153 | D        | Learned a level 2 spell: Passwall
   156 | D        | Reached skill level 5 in Earth Magic
   217 | D        | Found a snail-covered altar of Cheibriados.
   217 | D        | Found a shadowy altar of Dithmenos.
   217 | D        | Found a white marble altar of Elyvilon.
   217 | D        | Found a blossoming altar of Fedhas.
   217 | D        | Found an opulent altar of Gozag.
   218 | D        | Found a hazy altar of Hepliaklqana.
   219 | D        | Found a viscous altar of Jiyva.
   220 | D        | Found an ancient bone altar of Kikubaaqudgha.
   221 | D        | Found a corrupted altar of Lugonu.
   222 | D        | Found a burning altar of Makhleb.
   223 | D        | Found a sparkling altar of Nemelex Xobeh.
   224 | D        | Found an iron altar of Okawaru.
   225 | D        | Found a stormy altar of Qazlal.
   226 | D        | Found a sacrificial altar of Ru.
   227 | D        | Found a shimmering blue altar of Sif Muna.
   228 | D        | Found a bloodstained altar of Trog.
   229 | D        | Found a hide-covered altar of Uskayaw.
   230 | D        | Found a radiant altar of Vehumet.
   231 | D        | Found an ornate altar of the Wu Jian Council.
   232 | D        | Found a shimmering altar of Xom.
   233 | D        | Found a basalt altar of Yredelemnul.
   234 | D        | Found a glowing silver altar of Zin.
   235 | D        | Found a glowing golden altar of the Shining One.
   238 | D        | Became a worshipper of Vehumet
   349 | D        | Noticed a vampire mosquito
   349 | D        | Noticed a centaur
   349 | D        | Noticed a troll
   349 | D        | Noticed a yak
   349 | D        | Noticed an orc warrior
   369 | D        | Killed an orc warrior
   369 | D        | Killed a yak
   370 | D        | Reached skill level 1 in Fighting
   370 | D        | Reached skill level 1 in Maces & Flails
   370 | D        | Reached skill level 5 in Stealth
   370 | D        | Reached skill level 1 in Transmutations
   370 | D        | Reached skill level 9 in Earth Magic
   370 | D        | Reached skill level 1 in Evocations
   370 | D        | Reached XP level 3. HP: 8/20 MP: 0/11
   370 | D        | Reached XP level 4. HP: 10/25 MP: 0/12
   370 | D        | Reached XP level 5. HP: 12/29 MP: 0/14
   370 | D        | Reached XP level 6. HP: 14/34 MP: 0/15
   415 | D        | Learned a level 3 spell: Stone Arrow
   421 | D        | Learned a level 5 spell: Lee's Rapid Deconstruction
   426 | D        | Learned a level 4 spell: Petrify
   442 | D        | Killed a troll
   442 | D        | Reached * piety under Vehumet
   442 | D        | Offered knowledge of Foxfire by Vehumet.
   443 | D        | Reached skill level 11 in Earth Magic
   443 | D        | Reached XP level 7. HP: 24/39 MP: 6/18
   451 | D        | Reached skill level 1 in Conjurations
   714 | D        | Killed a vampire mosquito
   714 | D        | Offered knowledge of Poisonous Vapours by Vehumet.
   714 | D        | Reached ** piety under Vehumet
   715 | D        | Reached skill level 12 in Earth Magic
   835 | D        | Noticed a boulder beetle
   835 | D        | Noticed a tengu warrior
   835 | D        | Noticed a centaur warrior
   835 | D        | Noticed a cyclops
   838 | D        | Slain by a boulder beetle

Illustrated notes

Levels and vault maps discovered:
D:        linesprint [early_d, line_temple, items_1, d_10, items_2, lair_1,
          lair_end, items_3, orc_1, orc_end, items_4, d_15, swamp_1, shoals_1,
          snake_1, spider_1, d_20, vaults_1, items_5, swamp_end, shoals_end,
          snake_end, spider_end, vaults_end, d_27, items_6, zot_1, zot_end,
          crypt_end, forest_end, elf_end, slime_end, tomb_end, abyss_end,
          pan_hell_end]

Skill      XL: |  1  2  3  4  5  6  7 |
---------------+----------------------+-----
Earth Magic    | 4 9 11 12 | 12.2
Stealth        | 3 5 6 |  6.1
Spellcasting   | 6 7 9 |  9.0
Dodging        | 3 4 |  4.4
Fighting       | 1 2 |  2.1
Maces & Flails | 1 2 |  2.2
Transmutations | 1 |  1.8
Evocations     | 1 |  1.8
Conjurations   | 1 |  1.5

Action                   |  1- 3 |  4- 6 |  7- 9 || total
-------------------------+-------+-------+-------++-------
Melee: Unarmed           |     9 |       |       ||     9
       Club              |    16 |       |       ||    16
 Cast: Sandblast         |    16 |       |     1 ||    17
       Stone Arrow       |       |     1 |     1 ||     2
       Lee's Rapid Decon |       |       |     6 ||     6
       Petrify           |       |       |     2 ||     2
Evoke: Wand              |     2 |     1 |       ||     3
  Use: Potion            |     2 |       |       ||     2
Armor: Robe              |     6 |       |       ||     6
Dodge: Dodged            |    22 |       |     1 ||    23

Table legend: (Time is in decaauts)
 A = Elapsed time spent in this place.
 B = Non-inter-level travel time spent in this place.
 C = Inter-level travel time spent in this place.
 D = Time resting spent in this place.
 E = Time spent auto-exploring this place.
 F = Levels seen in this place.
 G = Mean time per level.
                   A        B        C        D        E       F      G
               +--------+--------+--------+--------+--------+-----+--------+
         Total |    824 |    824 |      0 |    561 |      5 |   1 |  824.0 |
       Dungeon |    824 |    824 |      0 |    561 |      5 |   1 |  824.0 |
               +--------+--------+--------+--------+--------+-----+--------+

Top non-repeatable levels by time:
       D: 824 daAuts
